 Dungeon Crawl Stone Soup version 0.29.0-4-gdea44cf6ec (webtiles) character file.

Game seed: 11856189944669430239

60 qw the Chopper (level 4, -1/28 HPs)
             Began as a Gargoyle Fighter on Sept 10, 2022.
             Slain by a quokka (4 damage)
             ... on level 2 of the Dungeon.
             The game lasted 00:00:33 (1049 turns).

qw the Chopper (Gargoyle Fighter)                   Turns: 1049, Time: 00:00:34

Health: -1/28      AC: 10    Str: 21    XL:     4   Next: 4%
Magic:  4/4        EV:  9    Int:  9    God:
Gold:   50         SH:  4    Dex:  9    Spells: 3/3 levels left

rFire   . . .      SeeInvis .   Y - +0 war axe
rCold   . . .      Faith    .   c - +0 buckler
rNeg    + . .      Spirit   .   b - +0 scale mail
rPois   inf        Reflect  .   (no helmet)
rElec   +          Harm     .   (no cloak)
rCorr   .          Rampage  .   (no gloves)
Will    .....                   (no boots)
Stlth   ..........              (no amulet)
HPRegen 0.09/turn               (no ring)
MPRegen 0.09/turn               (no ring)

@: no status effects
A: sickness immunity, AC +3, negative energy resistance 1, electricity
resistance, torment resistance 1, petrification resistance
a: no special abilities


You were on level 2 of the Dungeon.
You visited 1 branch of the dungeon, and saw 2 of its levels.

You collected 50 gold pieces.


Innate Abilities, Weirdness & Mutations

You are immune to sickness and miasma.
Your stone body is resilient. (AC +3)
You are immune to poison.
You resist negative energy. (rN+)
You are resistant to electric shocks. (rElec)
You are resistant to unholy torment.
You are immune to petrification.


   Skills:
 - Level 3.2 Fighting
 + Level 3.8 Axes
 - Level 3.2 Armour
 - Level 3.2 Shields


You had 3 spell levels left.
You didn't know any spells.
Your spell library was empty.

Inventory:

Hand Weapons
 m - a +0 club
 Y - a +0 war axe (weapon)
Armour
 b - a +0 scale mail (worn)
 c - a +0 buckler (worn)
Potions
 a - a potion of heal wounds {unknown}
 d - a potion of might
 e - a potion of resistance {unknown}
 i - a potion of berserk rage {unknown}
 j - a potion of curing {unknown}
 l - a potion of mutation {unknown}

Dungeon Overview and Level Annotations

Branches:
Dungeon (2/15)

Altars:

Shops:
D:1 =


Message History

The worm bites you.
1039 ||| READING scroll of teleportation.
As you read the scroll of teleportation, it crumbles to dust.
You feel strangely unstable.
You slash the worm!
You kill the worm!
You start resting.
Your surroundings suddenly seem different.
A worm and a kobold come into view.
Found a scroll of teleportation and an inky potion.
The kobold shouts!
The worm bites you.
Enter note: You hit the worm.
The worm is moderately wounded.
The worm barely misses you.
A quokka comes into view.
You hit the worm but do no damage.
The worm is lightly wounded.
The worm bites you but does no damage.
You hit the worm.
The worm is heavily wounded.
You barely miss the worm.
The worm is heavily wounded.
The worm barely misses you. The kobold hits you but does no damage.
You slash the worm!
The worm is almost dead.
You hit the kobold but do no damage. The worm barely misses you.
The kobold hits you but does no damage.
You hit the worm.
You kill the worm!
You hit the kobold.
You kill the kobold!
You hit the quokka. The quokka bites you.
You have reached level 4!
You feel clever.
You closely miss the quokka.
The quokka is severely wounded.
The quokka barely misses you. The quokka bites you.
You die...

#######
#.....#
#.....####
#.@.......
#r%)......
...?.!.....
#.#..........
# #..........
...........
##.........#
..........#


You could see a quokka.

Vanquished Creatures
  An adder (D:2)
  2 worms (D:2)
  A dart slug (D:2)
  An orc (D:2)
  6 bats
  2 endoplasms (D:1)
  2 giant cockroaches (D:2)
  4 goblins
  3 hobgoblins
  3 quokkas (D:1)
  5 ball pythons
  6 frilled lizards (D:1)
  3 kobolds
  2 rats (D:1)
41 creatures vanquished.

Notes
Turn   | Place    | Note
-------+----------+-------------------------------------------
     0 | D:1      | qw the Gargoyle Fighter began the quest for the Orb.
     0 | D:1      | Reached XP level 1. HP: 14/14 MP: 1/1
     0 | D:1      | 0 ||| qw: Version: 0.1-a-116-g5d60599
     0 | D:1      | 0 ||| qw: Game counter: 7540
     0 | D:1      | 0 ||| qw: Always use a shield: true
     0 | D:1      | 0 ||| qw: God list: Okawaru
     0 | D:1      | 0 ||| qw: Allow faded altars: false
     0 | D:1      | 0 ||| qw: Do Orc after D:15 true
     0 | D:1      | 0 ||| qw: Do second Lair branch before Depths: true
     0 | D:1      | 0 ||| qw: Lair rune preference: random
     0 | D:1      | 0 ||| qw: Plans: Normal, Zot, God:TSO, Crypt, Tomb, Zig,
                  | Orb
     0 | D:1      | 0 ||| PLANNING D:1-11
   180 | D:1      | Reached XP level 2. HP: 18/19 MP: 2/2
   346 | D:1      | 346 ||| Stepping ~*~*~tactically~*~*~ (stealth).
   364 | D:1      | Found a faded altar of an unknown god.
   371 | D:1      | 371 ||| Stepping ~*~*~tactically~*~*~ (stealth).
   412 | D:1      | Reached skill level 3 in Axes
   450 | D:1      | Reached XP level 3. HP: 23/23 MP: 3/3
   516 | D:1      | Found Araenyoreb's One-of-a-Kind Rings.
   522 | D:1      | 522 ||| SHOPLISTING +2 ring of strength (33 gold, have 9).
   522 | D:1      | 522 ||| SHOPLISTING +3 ring of protection (231 gold, have
                  | 9).
   522 | D:1      | 522 ||| SHOPLISTING +4 ring of dexterity (165 gold, have
                  | 9).
   522 | D:1      | 522 ||| SHOPLISTING +7 ring of dexterity (495 gold, have
                  | 9).
   522 | D:1      | 522 ||| SHOPLISTING +7 ring of evasion (1138 gold, have 9).
   522 | D:1      | 522 ||| SHOPLISTING ring of the Enchanting Coward {rPois
                  | rCorr Dex+2} (389 gold, have 9).
   753 | D:1      | 753 ||| READING scroll labelled PIZECI QIXTIERGH.
   754 | D:1      | 754 ||| READING scroll labelled SONU XAODUARHO.
   755 | D:1      | 755 ||| READING 2 scrolls labelled MERHA GESHO.
   756 | D:1      | 756 ||| READING 2 scrolls labelled JOHUOTZ NEUTWEV.
   760 | D:1      | 760 ||| DROPPING scroll of vulnerability.
   998 | D:2      | 998 ||| Stepping ~*~*~tactically~*~*~ (stealth).
  1019 | D:2      | 1019 ||| Stepping ~*~*~tactically~*~*~ (stealth).
  1024 | D:2      | 1024 ||| Stepping ~*~*~tactically~*~*~ (stealth).
  1038 | D:2      | HP: 5/23 [worm (5)]
  1039 | D:2      | 1039 ||| READING scroll of teleportation.
  1048 | D:2      | HP: 2/23 [quokka (1)]
  1049 | D:2      | Reached XP level 4. HP: 3/28 MP: 4/4
  1049 | D:2      | Slain by a quokka

Levels and vault maps discovered:
D:1:      eino_arrival_cavern_a, layout_basic,
          chequers_ecumenical_altar_simple_redux, nicolae_shop_unique_rings
D:2:      layout_basic

Skill      XL: |  1  2 |
---------------+-------+-----
Axes           | 2 3 |  3.8
Fighting       | |  3.2
Armour         | |  3.2
Shields        | |  3.2

Action                   |  1- 3 |  4- 6 || total
-------------------------+-------+-------++-------
Melee: War axe           |   112 |     1 ||   113
  Use: Scroll            |     5 |       ||     5
Armor: Scale mail        |    48 |       ||    48
Dodge: Dodged            |    57 |     1 ||    58
Block: Buckler           |    16 |       ||    16

Table legend:
 A = Non-vault XP
 B = Vault XP
 C = Vault XP percentage of total XP
 D = Non-vault monster count
 E = Vault monster count
 F = Vault count percentage of total count
                 A         B        C        D         E       F
            +---------+---------+-------+---------+---------+-------
      Total |      86 |       0 |   0.0 |      41 |       0 |   0.0
            +---------+---------+-------+---------+---------+-------
        D:1 |      40 |       0 |   0.0 |      26 |       0 |   0.0
        D:2 |      46 |       0 |   0.0 |      15 |       0 |   0.0
            +---------+---------+-------+---------+---------+-------
